 Dungeon Crawl Stone Soup version 0.22-a0-113-gdd6f4a9 (webtiles) character file.

1037 Serpenta the Firebug (level 8, 19/52 HPs)
             Began as a Mummy Fire Elementalist on Jan 28, 2018.
             Was an Initiate of Ashenzari.
             Quit the game on level 6 of the Dungeon.
             The game lasted 00:23:29 (7261 turns).

Serpenta the Firebug (Mummy Fire Elementalist)      Turns: 7261, Time: 00:23:30

Health: 19/52      AC:  7    Str: 12    XL:     8   Next: 4%
Magic:  4/12       EV: 12    Int: 16    God:    Ashenzari [......]
Gold:   248        SH:  0    Dex: 12    Spells: 1/12 levels left

rFire    . . .     SeeInvis .   d - +2 spear (venom) (curse)
rCold    . . .     Gourm    .   (no shield)
rNeg     + + +     Faith    .   a - +0 robe
rPois    ∞         Spirit   .   (no helmet)
rElec    .         Reflect  .   (no cloak)
rCorr    .         Harm     .   l - +1 pair of gloves
MR       +....                  (no boots)
Stlth    ++........             (no amulet)
HPRegen  0.17/turn              i - +3 ring of protection
MPRegen  0.13/turn              q - ring of fire

@: very slightly contaminated
A: no food or potions, fire vulnerability, cold resistance 1, negative energy
resistance 3, torment resistance, unbreathing
a: Curse Item, Renounce Religion


You were on level 6 of the Dungeon.
You worshipped Ashenzari.
Ashenzari was noncommittal.
You were not hungry.

You visited 2 branches of the dungeon, and saw 7 of its levels.

You collected 248 gold pieces.


Innate Abilities, Weirdness & Mutations

You do not eat or drink.
Your flesh is vulnerable to fire.
You are immune to poison.
Your flesh is cold resistant. (rC+)
You are immune to negative energy. (rN+++)
You are immune to unholy pain and torment.
You can survive without breathing.


   Skills:
 - Level 1.5 Dodging
 - Level 1.5 Stealth
 - Level 2.6 Spellcasting
 + Level 5.4 Conjurations
 + Level 6.0 Fire Magic


You had one spell level left.
You knew the following spells:

 Your Spells              Type           Power        Failure   Level  Hunger
A - Flame Tongue          Conj/Fire      ####.        1%          1    N/A
B - Inner Flame           Hex/Fire       ###.....     17%         3    N/A
C - Conjure Flame         Conj/Fire      ####....     5%          3    N/A
D - Sticky Flame          Conj/Fire      ####....     19%         4    N/A

Action                   |  1- 3 |  4- 6 |  7- 9 || total
-------------------------+-------+-------+-------++-------
Melee: Dagger            |     1 |     7 |     9 ||    17
       Spear             |       |       |    55 ||    55
 Cast: Flame Tongue      |    91 |   155 |    18 ||   264
       Conjure Flame     |       |     3 |     4 ||     7
       Sticky Flame      |       |       |     6 ||     6
Invok: Curse Item        |       |       |     1 ||     1
Evoke: Fan of gales      |       |       |     1 ||     1
  Use: Scroll            |       |     5 |     3 ||     8
 Stab: Sleeping          |       |       |     1 ||     1
Armor: Robe              |     7 |    12 |    28 ||    47
Dodge: Dodged            |    26 |    43 |    40 ||   109

Inventory:

Hand Weapons
 d - a cursed +2 spear of venom (weapon)
Missiles
 o - a throwing net (quivered)
Armour
 a - a +0 robe (worn)
 l - a +1 pair of gloves (worn)
Jewellery
 g - an uncursed ring of ice
 i - a +3 ring of protection (left hand)
 q - a ring of fire (right hand)
Wands
 m - a wand of iceblast (6)
Scrolls
 c - 5 scrolls of identify
 e - 2 scrolls of enchant armour
 f - 2 scrolls of fog
 h - a scroll of remove curse
 j - a scroll of magic mapping
 k - a scroll of amnesia
Books
 b - a book of Flames

   Spells                             Type                      Level
   a - Flame Tongue                   Conjuration/Fire             1
   b - Throw Flame                    Conjuration/Fire             2
   c - Conjure Flame                  Conjuration/Fire             3
   d - Inner Flame                    Hexes/Fire                   3
   e - Sticky Flame                   Conjuration/Fire             4
   f - Fireball                       Conjuration/Fire             5
Miscellaneous
 n - a fan of gales (inert)

......####F.................####*
......'†.†.....(....#.#........,,
..F...####.####.............###*,
...###***######.##.#..#......# *,
..,* *≈≈≈≈≈#....p..#.........# *,
,,,***≈*,*≈#.####O.#.##.###### *,
****,+,,_,≈*,* #.....#.# *,
*,*≈*,*≈*,#####O#..#.#***** *, *
*,*≈≈≈≈≈*,#..@a....#,,,,,,* *, *
*,*******,#K###.#.##*****,* *, *
*,,,,,,,>.p,,,..#...,,,,,,* *, *
*,,,,,,...****###*###********, *
******#..,,,,,,,,,,,,,,,,,,,,, *
##*+*******************, * *,,,,*
*, * *,,,,* *, * *,,,,* *,


You could see Pikel (wandering), an ogre, a slave and a worker ant.

Vanquished Creatures
  A sky beast (D:6)
  An ice beast (D:4)
  2 ogres
  A bullfrog (D:6)
  2 scorpions (D:4)
  A howler monkey (D:4)
  2 hounds
  2 crimson imps
  An iguana (D:5)
  An orc wizard (D:4)
  5 worker ants
  A hound zombie (D:5)
  A worker ant zombie (D:5)
  An adder (D:3)
  An ooze (D:2)
  An adder skeleton (D:4)
  2 worms
  5 dart slugs
  4 leopard geckos
  18 orcs
  9 bats
  6 giant cockroaches
  A goblin (D:1)
  6 hobgoblins
  9 jackals
  13 kobolds
  3 quokkas
  5 ball pythons
  3 frilled lizards (D:1)
  A leopard gecko zombie (D:5)
  7 rats
116 creatures vanquished.

Vault maps used:
D:1:      minmay_arrival_jagged
D:2:      uniq_sigmund
D:3:      elyvilon_altar_4, nemelex_altar_shiori
D:4:      yredelemnul_altar_generic, vehumet_statue, temple_statues,
          first_ration, minmay_checkerbox
D:5:      nicolae_tso_swordbearing_angel
D:6:      kennysheep_little_box, chequers_temple_overflow_statue_of_worship,
          enter_ossuary_2, serial_glass, glass_columns_a, glass_columns_b,
          uniq_prince_ribbit1, uniq_duvessa, uniq_pikel
Temple:   grunt_temple_mini_profane


Message History

The worker ant bites you.
Prince Ribbit blinks!
The worker ant bites you but does no damage.
Prince Ribbit sighs, "It's not easy being green!"
The worker ant waves its antennae.
Prince Ribbit blinks!
The worker ant barely misses you. 2 slaves come into view.
The slave shouts!
You hear a shout! x3
The worker ant bites you but does no damage.
Prince Ribbit blinks!
A slave and Pikel come into view.
Ashenzari warns you: Pikel is wielding a whip of flaming and wearing a robe of positive energy.
The slave moves out of view.
A slave comes into view.
Unknown command.
Okay, then.
Evoke which item? (* to show all) (? for menu, Esc to quit)
Okay, then.
You can't drink.
Are you sure you want to abandon this character and quit the game? (Confirm with "yes".)

Notes
Turn   | Place    | Note
-------+----------+-------------------------------------------
     0 | D:1      | Serpenta the Mummy Fire Elementalist began the quest for the Orb.
     0 | D:1      | Reached XP level 1. HP: 13/13 MP: 4/4
    91 | D:1      | Reached skill level 1 in Conjurations
   195 | D:1      | Reached XP level 2. HP: 19/19 MP: 2/5
   707 | D:1      | Reached skill level 3 in Fire Magic
   741 | D:1      | You fall through a shaft!
   808 | D:2      | Reached XP level 3. HP: 24/24 MP: 4/7
  1376 | D:2      | Learned a level 3 spell: Inner Flame
  2067 | D:2      | Noticed Sigmund
  2411 | D:2      | Learned a level 3 spell: Conjure Flame
  2459 | D:3      | Reached XP level 4. HP: 24/30 MP: 4/8
  2554 | D:3      | Noticed an ogre
  2613 | D:4      | Found a radiant altar of Vehumet.
  2613 | D:4      | Noticed a charred statue
  2624 | D:4      | Noticed an ogre
  3169 | D:3      | Found a white marble altar of Elyvilon.
  3394 | D:3      | Killed an ogre
  3394 | D:3      | Reached XP level 5. HP: 35/35 MP: 0/9
  3616 | D:3      | Reached skill level 4 in Fire Magic
  3858 | D:3      | Found a sparkling altar of Nemelex Xobeh.
  4439 | D:4      | Found a basalt altar of Yredelemnul.
  4534 | D:4      | Noticed an ice beast
  4543 | D:4      | Killed an ice beast
  4543 | D:4      | Reached XP level 6. HP: 27/41 MP: 1/10
  5368 | D:4      | Found a staircase to the Ecumenical Temple.
  5377 | Temple   | Entered the Ecumenical Temple
  5565 | Temple   | Became a worshipper of Ashenzari the Shackled
  5932 | D:4      | Reached skill level 5 in Fire Magic
  6001 | D:4      | Reached XP level 7. HP: 34/46 MP: 3/11
  6067 | D:4      | Learned a level 4 spell: Sticky Flame
  6395 | D:5      | Entered Level 5 of the Dungeon
  6795 | D:4      | Reached skill level 5 in Conjurations
  6996 | D:5      | Found a glowing golden altar of the Shining One.
  7097 | D:6      | Noticed Prince Ribbit
  7221 | D:6      | Reached skill level 6 in Fire Magic
  7221 | D:6      | Reached XP level 8. HP: 44/52 MP: 7/12
  7260 | D:6      | Noticed Pikel
  7261 | D:6      | Quit the game
